 Dungeon Crawl Stone Soup version 0.26-a0-1138-gef23d1325b (webtiles) character file.

Game seed: 16160233673025877691

20817 ANON1729 the Alchemist (level 12, 0/77 HPs)
             Began as a Merfolk Transmuter on Dec 22, 2020.
             Was a Believer of Uskayaw.
             Slain by Agnes
             ... wielding a +2 lajatang of venom
              (25 damage)
             ... on level 14 of the Dungeon.
             The game lasted 00:42:12 (15672 turns).

ANON1729 the Alchemist (Merfolk Transmuter)        Turns: 15672, Time: 00:42:13

Health: 0/77       AC: 17    Str: 11    XL:     12   Next: 83%
Magic:  14/18      EV:  8    Int: 18    God:    Uskayaw [**....]
Gold:   573        SH:  9    Dex: 15    Spells: 8/19 levels left

rFire    . . .     SeeInvis .     - Unarmed
rCold    + . .     Faith    .   (shield currently unavailable)
rNeg     . . .     Spirit   .   L - +3 chain mail "Wiskonyu" {rC+ Regen+ Int+2}
rPois    .         Reflect  +   S - +1 hat {Will+}
rElec    .         Harm     .   r - scarf {+Inv}
rCorr    .         Rampage  .   (gloves currently unavailable)
Will     +....     Clarity  +   x - +0 pair of boots
Stlth    ..........             a - amulet of reflection
HPRegen  0.62/turn              D - +4 ring of protection
MPRegen  0.16/turn              M - ring of wizardry

@: lethally poisoned (0 -> -2), blade hands, studying Maces & Flails
A: change form in water, swift swim, stealthy swim, large bone plates 1,
clarity, deterioration 1
a: End Transformation, Renounce Religion, Evoke Invisibility, Stomp, Line Pass


You were on level 14 of the Dungeon.
You worshipped Uskayaw.
Uskayaw was noncommittal.
You had blades for hands.
You visited 2 branches of the dungeon, and saw 14 of its levels.

You collected 826 gold pieces.
You spent 253 gold pieces at shops.

Inventory:

Hand Weapons
 c - a +2 dagger of venom
 p - a +0 dagger
 v - the +6 flail of Detre {vorpal, rF- rC+ Will+ SInv, unknown}
   (You found it on level 8 of the Dungeon)

   It inflicts extra damage upon your enemies.
   It makes you vulnerable to fire.
   It protects you from cold.
   It affects your willpower, your defense against some magical effects.
   It lets you see invisible.
Missiles
 e - 5 curare-tipped darts
 q - 55 poisoned darts (quivered)
 w - 8 atropa-tipped darts
Armour
 r - a scarf of invisibility (worn)
 x - a +0 pair of boots (worn)
 L - the +3 chain mail "Wiskonyu" (worn) {rC+ Regen+ Int+2}
   (You took it off a wight on level 8 of the Dungeon)

   It affects your intelligence (+2).
   It protects you from cold.
   It increases your rate of regeneration.
 N - a +0 pair of gloves (melded)
 R - a +0 troll leather armour
 S - a +1 hat of willpower (worn)
Jewellery
 a - an amulet of reflection (around neck)
 g - an uncursed amulet of magic regeneration
 h - an uncursed ring of fire
 D - a +4 ring of protection (left scythe-like blade)
 H - an uncursed ring of resist corrosion {unknown}
 K - an uncursed ring of fire
 M - a ring of wizardry (right scythe-like blade)
 V - an uncursed ring of fire
Wands
 d - a wand of flame (45)
 B - a wand of iceblast (12)
 Y - a wand of acid (8)
Scrolls
 b - a scroll of fog
 f - 3 scrolls of enchant armour
 k - 3 scrolls of amnesia
 l - a scroll of summoning
 n - a scroll of blinking
 o - 2 scrolls of fear
 y - 3 scrolls of enchant weapon
 A - 2 scrolls of remove curse
 C - 3 scrolls of teleportation
 G - a scroll of brand weapon
 U - 3 scrolls of magic mapping
Potions
 m - 3 potions of berserk rage
 s - a potion of magic
 t - 4 potions of might
 u - a potion of ambrosia
 z - 8 potions of curing
 E - 3 potions of lignification
 F - 2 potions of attraction
 I - 2 potions of brilliance
 J - a potion of mutation
 O - 2 potions of haste
 T - a potion of heal wounds
 W - a potion of degeneration {unknown}
 X - a potion of resistance {unknown}
 Z - a potion of cancellation
Books
 Q - a manual of Maces & Flails
Miscellaneous
 P - a phial of floods (inert)


   Skills:
 - Level 1.2 Fighting
 - Level 1.0 Armour
 + Level 9.0 Dodging
 + Level 14.1 Unarmed Combat
 - Level 4.0 Spellcasting
 + Level 15.5 Transmutations
 - Level 2.0 Poison Magic
 + Level 7.6 Invocations


You had 8 spell levels left.
You knew the following spells:

 Your Spells              Type           Power        Failure   Level
a - Beastly Appendage     Tmut           100%         7%          1
b - Wereblood             Tmut           56%          9%          2
c - Spider Form           Tmut/Pois      17%          58%         3
d - Blade Hands           Tmut           28%          45%         5

Your spell library contained the following spells:

 Spells                   Type           Power        Failure   Level
 Ignite Poison            Fire/Tmut/Pois 24%          89%         3
 Ice Form                 Ice/Tmut       31%          95%         4
 Shock                    Conj/Air       12%          99%         1
 Summon Small Mammal      Summ           12%          99%         1
 Call Imp                 Summ           3%           100%        2
 Swiftness                Air            3%           100%        2
 Call Canine Familiar     Summ           3%           100%        3
 Static Discharge         Conj/Air       3%           100%        3
 Summon Guardian Golem    Hex/Summ       3%           100%        3
 Airstrike                Air            1%           100%        4
 Summon Ice Beast         Ice/Summ       3%           100%        4
 Summon Lightning Spire   Summ/Air       3%           100%        4
 Fireball                 Conj/Fire      1%           100%        5
 Lightning Bolt           Conj/Air       1%           100%        5
 Starburst                Conj/Fire      1%           100%        6
 Ignition                 Fire           1%           100%        8


Dungeon Overview and Level Annotations

Branches:
Dungeon (14/15)            Temple (1/1) D:7            Lair (0/6) D:8
    Orc (0/2) D:9          Vaults (0/5) D:14

Altars:
Ashenzari
Cheibriados
Dithmenos
Elyvilon
Fedhas
Gozag
Hepliaklqana
Kikubaaqudgha
Makhleb
Nemelex Xobeh
Okawaru
Qazlal
Ru
Sif Muna
Trog
Uskayaw
Vehumet
Wu Jian
Xom
Yredelemnul
Zin
The Shining One

Shops:
D:4 ?   D:5 (??:*?   D:10 (

Annotations:
D:5 3 runed translucent doors, rlgrobin's ghost, amateur KoDe
D:14 Agnes; Roxanne


Innate Abilities, Weirdness & Mutations

You revert to your normal form in water.
You are very nimble and swift while swimming.
You are very stealthy in the water. (Stealth+)
You are partially covered in large bone plates. (SH +4)
You possess an exceptional clarity of mind.
Your body sometimes deteriorates upon taking damage.


Message History

The ice beast hits you but does no damage.
You block the ice beast's attack.
You closely miss the deep elf mage.
The deep elf mage is severely wounded.
The deep elf mage barely misses you. The ice beast hits you.
The ice beast freezes you. You resist. The ice beast hits you.
The ice beast freezes you. You resist.
You hit the deep elf mage but do no damage.
The deep elf mage is severely wounded.
Something hits you!
You are poisoned.
An ice beast comes into view.
The deep elf mage casts a spell at you. The shard of ice hits you!
You partially resist. You block the ice beast's attack.
The ice beast hits you but does no damage.
You barely miss the deep elf mage.
The deep elf mage is severely wounded.
You feel sick. Something hits you!!
You die...

###.# ####.#
#...# #.# #.###
#.# #.#
#.######## #.#
#........# #.#
#.######(#######
#.# #.#
###†......# #.#
#.# #..Y#####.#
#.# #.# #.@.Y..#
..# #.#
#.eY......
##########.#
#...#..#...
...........#
#.(........
############
..#......#.
#...Y.......
#...........
#..#.Y....#.


You could see a deep elf mage, 4 ice beasts and a sky beast.

Vanquished Creatures
  Gastronok (D:9)
  2 boulder beetles
  A hydra (D:14)
  2 dancing weapons (D:14)
  A centaur warrior (D:8)
  2 two-headed ogres
  2 unseen horrors
  An ugly thing (D:11)
  3 manticores
  3 cyclopes
  4 trolls
  Prince Ribbit (D:6)
  A yak (D:8)
  2 shadows
  A wyvern (D:8)
  A basilisk (D:8)
  Edmund (D:6)
  Menkaure (D:5)
  An acid dragon (D:14)
  Duvessa (D:7)
  A water moccasin (D:10)
  5 orc warriors
  7 ice beasts
  3 black bears
  4 sky beasts
  7 ogres
  2 phantoms
  9 centaurs
  A wyvern zombie (D:8)
  9 bullfrogs
  2 elf skeletons (D:8)
  A wyvern skeleton (D:11)
  Dowan (D:7)
  2 scorpions
  4 wights
  15 killer bees
  8 howler monkeys
  2 quasits (D:10)
  A centaur zombie (D:9)
  6 jellies
  Crazy Yiuf (D:5)
  8 hounds
  10 orc wizards
  3 human zombies (D:8)
  3 orc priests
  2 bullfrog skeletons
  4 centaur skeletons
  A gnoll shaman (D:7)
  3 human skeletons (D:8)
  Ijyb (D:5)
  5 iguanas
  15 worker ants
  A killer bee zombie (D:8)
  A hound zombie (D:5)
  A hound skeleton (D:7)
  2 worker ant zombies
  19 adders
  8 gnolls
  2 shadow imps
  3 white imps
  4 ufetubi
  An ooze (D:1)
  An adder zombie (D:8)
  2 adder skeletons
  2 worms
  2 dart slugs
  6 leopard geckos
  46 orcs
  7 bats
  4 giant cockroaches
  18 goblins
  5 hobgoblins
  13 jackals
  10 kobolds
  2 quokkas
  A ball python (D:6)
  7 frilled lizards
  An orc skeleton (D:8)
  2 orc zombies (D:8)
  2 quokka skeletons
  8 rats
359 creatures vanquished.

Vanquished Creatures (others)
  A gnoll (D:2)
  A fungus (D:8)
  5 plants (D:2)
7 creatures vanquished.

Grand Total: 366 creatures vanquished

Notes
Turn   | Place    | Note
-------+----------+-------------------------------------------
     0 | D:1      | ANON1729 the Merfolk Transmuter began the quest for the
                  | Orb.
     0 | D:1      | Reached XP level 1. HP: 15/15 MP: 3/3
   232 | D:1      | Reached XP level 2. HP: 7/21 MP: 5/5
   631 | D:1      | Gained mutation: You are partially covered in large bone
                  | plates. (SH +4) [potion of mutation]
   631 | D:1      | Gained mutation: Your body sometimes deteriorates upon
                  | taking damage. [potion of mutation]
   631 | D:1      | Gained mutation: You possess an exceptional clarity of
                  | mind. [potion of mutation]
   877 | D:1      | Reached XP level 3. HP: 20/26 MP: 6/6
  2243 | D:2      | Reached skill level 5 in Unarmed Combat
  2299 | D:1      | Reached XP level 4. HP: 27/32 MP: 7/7
  2303 | D:1      | Learned a level 2 spell: Wereblood
  2307 | D:1      | Learned a level 3 spell: Spider Form
  2475 | D:2      | Reached skill level 3 in Transmutations
  2742 | D:2      | Found a stormy altar of Qazlal.
  2849 | D:2      | Found a radiant altar of Vehumet.
  3093 | D:3      | Reached XP level 5. HP: 13/37 MP: 8/8
  3384 | D:3      | Reached skill level 4 in Transmutations
  4338 | D:2      | Reached XP level 6. HP: 43/43 MP: 9/9
  4827 | D:3      | Reached skill level 5 in Transmutations
  5078 | D:4      | Found Biatsez's Magic Scroll Shop.
  5085 | D:4      | Bought a scroll of amnesia for 38 gold pieces
  5085 | D:4      | Bought a scroll of identify for 22 gold pieces
  5085 | D:4      | Bought a scroll of fog for 22 gold pieces
  5959 | D:4      | Bought a scroll of teleportation for 33 gold pieces
  5959 | D:4      | Bought a scroll of blinking for 82 gold pieces
  5996 | D:5      | Entered Level 5 of the Dungeon
  5996 | D:5      | Found Offoo's Magic Scroll Shoppe.
  6002 | D:5      | Bought a scroll of fear for 45 gold pieces
  6006 | D:5      | Found Fiegragext's Book Shop.
  6019 | D:5      | Found Ecsuch's Magic Scroll Shoppe.
  6056 | D:5      | Found Zin's Purification Station.
  6056 | D:5      | Found a glowing silver altar of Zin.
  6074 | D:5      | Noticed rlgrobin's ghost (amateur KoDe)
  6078 | D:5      | Found a runed translucent gate.
  6078 | D:5      | Found a runed translucent gate.
  6078 | D:5      | Found a runed translucent gate.
  6091 | D:5      | Reached XP level 7. HP: 48/48 MP: 11/11
  6118 | D:5      | Noticed Menkaure
  6132 | D:5      | Learned a level 5 spell: Blade Hands
  6140 | D:5      | Killed Menkaure
  6141 | D:5      | Reached skill level 1 in Poison Magic
  6182 | D:5      | Found Kinoecoa's Magic Scroll Shoppe.
  6204 | D:5      | Reached skill level 6 in Transmutations
  6213 | D:5      | Bought a scroll of noise for 11 gold pieces
  6228 | D:5      | Found Cecidefo's Antique Weapon Boutique.
  6371 | D:5      | Noticed Ijyb
  6389 | D:5      | Killed Ijyb
  6964 | D:5      | Reached XP level 8. HP: 54/54 MP: 13/13
  7057 | D:5      | Reached skill level 7 in Transmutations
  7309 | D:5      | Found a runed translucent door.
  7310 | D:5      | Noticed Crazy Yiuf
  7512 | D:5      | Killed Crazy Yiuf
  7712 | D:6      | Reached skill level 8 in Transmutations
  7760 | D:6      | Noticed Edmund
  7782 | D:6      | Killed Edmund
  7964 | D:6      | Found a sparkling altar of Nemelex Xobeh.
  8056 | D:6      | Noticed Prince Ribbit
  8071 | D:6      | Killed Prince Ribbit
  8072 | D:6      | Reached skill level 9 in Transmutations
  8072 | D:6      | Reached XP level 9. HP: 59/59 MP: 15/15
  8330 | D:7      | Noticed Duvessa
  8330 | D:7      | Noticed Dowan
  8342 | D:7      | Killed Duvessa
  8343 | D:7      | Killed Dowan
  8445 | D:7      | Found a staircase to the Ecumenical Temple.
  8454 | D:7      | Reached skill level 10 in Transmutations
  8468 | Temple   | Entered the Ecumenical Temple
  8923 | D:7      | Reached skill level 10 in Unarmed Combat
  9556 | D:7      | Reached skill level 11 in Transmutations
  9939 | D:8      | Got a jewelled flail
 10030 | D:8      | Reached XP level 10. HP: 15/65 MP: 16/16
 10089 | D:8      | Noticed a boulder beetle
 10127 | D:8      | Killed a boulder beetle
 10128 | D:8      | Reached skill level 12 in Transmutations
 10810 | D:8      | Reached skill level 13 in Transmutations
 10839 | D:8      | Identified the +3 chain mail "Wiskonyu" {rC+ Regen+ Int+2}
 10868 | D:8      | Noticed a manticore
 10878 | D:8      | Killed a manticore
 10924 | D:8      | Found a staircase to the Lair.
 10982 | D:8      | Found a hide-covered altar of Uskayaw.
 11002 | D:8      | Became a worshipper of Uskayaw the Reveller
 11045 | D:8      | Reached * piety under Uskayaw
 11189 | D:8      | Reached skill level 1 in Invocations
 11190 | D:8      | Reached ** piety under Uskayaw
 11198 | D:8      | Noticed a centaur warrior
 11205 | D:8      | Killed a centaur warrior
 11205 | D:8      | Reached *** piety under Uskayaw
 11206 | D:8      | Reached XP level 11. HP: 43/70 MP: 8/17
 11517 | D:8      | Noticed a four-headed hydra
 12473 | D:9      | Reached **** piety under Uskayaw
 12481 | D:9      | Reached skill level 1 in Armour
 12615 | D:9      | Noticed Gastronok
 12629 | D:9      | Killed Gastronok
 12630 | D:9      | Reached skill level 14 in Transmutations
 12680 | D:9      | Found a staircase to the Orcish Mines.
 12813 | D:10     | Entered Level 10 of the Dungeon
 13025 | D:10     | Found Vainazau's Weapon Shop.
 13057 | D:10     | Reached skill level 5 in Dodging
 13518 | D:11     | Reached ***** piety under Uskayaw
 13529 | D:11     | Noticed a purple ugly thing
 13541 | D:11     | Reached ****** piety under Uskayaw
 13544 | D:11     | Killed a purple ugly thing
 13552 | D:11     | Reached skill level 5 in Invocations
 13651 | D:11     | Noticed a manticore
 13680 | D:11     | Noticed a cyclops
 13687 | D:11     | Killed a manticore
 13703 | D:11     | Killed a cyclops
 13840 | D:11     | Noticed a two-headed ogre
 13846 | D:11     | Killed a two-headed ogre
 13847 | D:11     | Reached XP level 12. HP: 62/77 MP: 12/18
 14537 | D:12     | Reached skill level 15 in Transmutations
 14819 | D:12     | You fall into a shaft and drop 2 floors!
 14820 | D:14     | Noticed a boulder beetle
 14860 | D:14     | Killed a boulder beetle
 14940 | D:14     | Found a gate to the Vaults.
 14945 | D:14     | Noticed a two-headed ogre
 14960 | D:14     | Killed a two-headed ogre
 15301 | D:14     | Identified Roxanne's Catalogue of Moulding
 15301 | D:14     | Noticed Roxanne
 15327 | D:14     | Noticed a four-headed hydra
 15337 | D:14     | Killed a four-headed hydra
 15667 | D:14     | Noticed Agnes
 15672 | D:14     | Slain by Agnes

Illustrated notes

Levels and vault maps discovered:
D:1:      scummos_arrival_simple_fountains, layout_rooms
D:2:      layout_rooms, fiery_altar_vehumet, minmay_tree_intersection,
          serial_bayou_lagoon_a, grunt_qazlal_sundering
D:3:      cheibrodos_greedy_goblins, layout_basic, minmay_ruptured
D:4:      layout_gridville, serial_shops,
          nicolae_shop_competitors_out_of_business
D:5:      layout_cave_pods, zin_purify, serial_shops, kennysheep_mini, shop,
          shop, nicolae_shop_behind_doors, shop, gammafunk_ghost_split,
          serial_column_ruins, column_ruins_hut_pillars, column_ruins_hut,
          column_ruins_open_small_water, column_ruins_corridor_dead_end,
          column_ruins_columns_corner, column_ruins_grid_1,
          column_ruins_open_tiny, column_ruins_grid_4, uniq_ijyb,
          uniq_crazy_yiuf_cottage, uniq_menkaure
D:6:      layout_basic, nemelex_xobeh_ov_fountains_minmay,
          grunt_decor_one_mirror, kennysheep_generic_room_4, uniq_edmund,
          uniq_prince_ribbit1
D:7:      layout_basic, minmay_temple_entry_wispy, uniq_duvessa
D:8:      minmay_the_grid_octo_tiled_octocenter [minmay_the_grid_octo_77,
          minmay_the_grid_octo_pinwheel, minmay_the_grid_octo_clover_2,
          minmay_the_grid_octo_checkered,
          minmay_the_grid_octo_prize_single_spiral,
          minmay_the_grid_square_5x5_six,
          minmay_the_grid_square_5x5_two_walls_b,
          minmay_the_grid_square_5x5_slash,
          minmay_the_grid_square_5x5_three_walls], layout_loops_cross,
          lemuel_round_altar, david_lair_generic,
          nicolae_ossuary_entry_catacombs
D:9:      layout_irregular_city, orc_0_dummy, chequers_hall_statues_corner_a,
          uniq_gastronok
D:10:     layout_irregular_city, serial_shops, shop, solitary_fountain
D:11:     layout_basic, minmay_crystal_room
D:12:     layout_basic, serial_glass, glass_columns_a, glass_columns_b,
          glass_columns_a, glass_columns_c, glass_columns_c, glass_columns_b,
          glass_columns_a, glass_columns_a
D:14:     layout_loops_ring, erik_vaults_1, minmay_misc_feat_plants,
          uniq_roxanne, uniq_agnes
Temple:   hc_temple_tempest_star

Skill      XL: |  1  2  3  4  5  6  7  8  9 10 11 12 |
---------------+-------------------------------------+-----
Unarmed Combat | 4 5 6 7 9 10 12 13 14 | 14.1
Transmutations | 3 4 5 6 9 11 13 14 15 | 15.5
Spellcasting   | 3 4 |  4.0
Poison Magic   | 2 |  2.0
Invocations    | 2 5 7 |  7.6
Dodging        | 6 9 |  9.0
Armour         | 1 |  1.0
Fighting       | |  1.2

Action                   |  1- 3 |  4- 6 |  7- 9 | 10-12 || total
-------------------------+-------+-------+-------+-------++-------
Melee: Unarmed           |   123 |   245 |   333 |   648 ||  1349
       Headbutt          |    10 |     4 |     2 |     6 ||    22
       Punch             |     2 |     4 |     4 |    24 ||    34
       Tailslap          |       |     2 |       |       ||     2
Throw: Dart              |       |       |       |    21 ||    21
 Cast: Beastly Appendage |    12 |     5 |     2 |     3 ||    22
       Spider Form       |       |    13 |    18 |    12 ||    43
       Blade Hands       |       |       |     9 |    30 ||    39
       Wereblood         |       |       |     3 |     1 ||     4
Invok: Stomp             |       |       |       |     1 ||     1
       Line Pass         |       |       |       |     1 ||     1
       Grand Finale      |       |       |       |     1 ||     1
 Abil: End Transformatio |       |       |       |     1 ||     1
       Evoke Invisibilit |       |       |       |     1 ||     1
Evoke: Wand              |       |       |     1 |     1 ||     2
       Phial of floods   |       |       |       |     1 ||     1
  Use: Potion            |     2 |     3 |     1 |     5 ||    11
       Scroll            |       |     5 |     4 |    10 ||    19
 Stab: Sleeping          |     1 |       |     3 |       ||     4
       Paralysed         |       |       |       |    13 ||    13
Armor: Robe              |    25 |    31 |    38 |     2 ||    96
       Skin              |       |    18 |    14 |    27 ||    59
       Chain mail        |       |       |       |   340 ||   340
       Troll leather arm |       |       |       |     2 ||     2
Dodge: Dodged            |    89 |   117 |   212 |   228 ||   646
Block: Other             |    13 |    20 |    26 |    85 ||   144
       Reflection        |       |       |       |     2 ||     2

Table legend: (Time is in decaauts)
 A = Elapsed time spent in this place.
 B = Non-inter-level travel time spent in this place.
 C = Inter-level travel time spent in this place.
 D = Time resting spent in this place.
 E = Time spent auto-exploring this place.
 F = Levels seen in this place.
 G = Mean time per level.
                   A        B        C        D        E       F      G
               +--------+--------+--------+--------+--------+-----+--------+
         Total |  15397 |  14817 |    580 |   2575 |   9390 |  14 | 1099.8 |
       Dungeon |  15210 |  14632 |    578 |   2575 |   9206 |  13 | 1170.0 |
        Temple |    186 |    184 |      2 |      0 |    183 |   1 |  186.0 |
               +--------+--------+--------+--------+--------+-----+--------+

Top non-repeatable levels by time:
     D:1: 2269 daAuts
     D:8: 2058 daAuts
     D:3: 1626 daAuts
     D:5: 1535 daAuts
     D:7: 1357 daAuts
     D:4: 1095 daAuts
     D:2: 978 daAuts
    D:14: 831 daAuts
    D:10: 825 daAuts
    D:11: 770 daAuts
     D:6: 769 daAuts
     D:9: 741 daAuts
    D:12: 351 daAuts
  Temple: 186 daAuts
